 Dungeon Crawl Stone Soup version 0.27-a0-1557-g57f10a385c (webtiles) character file.

Game seed: 6250062140044038126

668 dolemite99 the Cudgeller (level 5, -8/42 HPs)
             Began as a Minotaur Gladiator on July 16, 2021.
             Was a Follower of Ru.
             Mangled by Prince Ribbit (15 damage)
             ... on level 5 of the Dungeon.
             The game lasted 00:05:54 (5826 turns).

dolemite99 the Cudgeller (Minotaur Gladiator)       Turns: 5826, Time: 00:05:55

Health: -8/42      AC:  4    Str: 19    XL:     5   Next: 32%
Magic:  4/4        EV: 12    Int: 11    God:    Ru [*.....]
Gold:   60         SH:  0    Dex: 12    Spells: 4/4 levels left

rFire    . . .     SeeInvis .   a - +0 dire flail
rCold    . . .     Faith    +   (shield currently unavailable)
rNeg     . . .     Spirit   .   u - +0 leather armour
rPois    .         Reflect  .   c - +0 hat
rElec    .         Harm     .   (no cloak)
rCorr    .         Rampage  .   B - +0 pair of gloves
Will     .....                  (no boots)
Stlth    +.........             g - amulet of faith
HPRegen  0.14/turn              i - +6 ring of intelligence
MPRegen  0.09/turn              (no ring)

@: no status effects
A: horns 2, inexperienced 1, retaliatory headbutt
a: Renounce Religion


You were on level 5 of the Dungeon.
You worshipped Ru.
Ru was aware of your devotion.
You visited 1 branch of the dungeon, and saw 5 of its levels.

You collected 168 gold pieces.
You spent 108 gold pieces at shops.

Inventory:

Hand Weapons
 a - a +0 dire flail (weapon)
 b - a +2 dagger of venom
 j - a +0 shortbow
 v - a +0 hunting sling
 x - a +0 quarterstaff
Missiles
 d - 3 throwing nets (quivered)
 h - 28 bolts
 r - 94 stones
 s - 11 sling bullets
 y - 6 datura-tipped darts
 A - 14 arrows
Armour
 c - a +0 hat (worn)
 n - a +0 ring mail
 u - a +0 leather armour (worn)
 B - a +0 pair of gloves (worn)
Jewellery
 g - an amulet of faith (around neck)
 i - a +6 ring of intelligence (left hand)
Wands
 w - a wand of flame (25)
Scrolls
 f - a scroll of enchant armour {unknown}
 k - 3 scrolls of amnesia {unknown}
 l - a scroll of brand weapon {unknown}
 m - 6 scrolls of identify {unknown}
 o - 2 scrolls of teleportation {unknown}
 p - a scroll of holy word {unknown}
 q - 3 scrolls of fog {unknown}
 z - 3 scrolls of enchant weapon {unknown}
 C - a scroll of fear {unknown}
Potions
 e - a potion of mutation {unknown}
 t - a potion of curing {unknown}


   Skills:
 - Level 2.4 Fighting
 + Level 7.5(8.8) Maces & Flails
 - Level 6.8(8.4) Staves
 - Level 2.0 Throwing
 - Level 3.2 Dodging


You had 4 spell levels left.
You didn't know any spells.
Your spell library contained the following spells:

 Spells                   Type           Power      Damage    Failure   Level
 Shock                    Conj/Air       0%         1d3       38%         1
 Passwall                 Tmut/Erth      0%         N/A       54%         2
 Swiftness                Air            0%         N/A       77%         3
 Airstrike                Air            0%         N/A       99%         4
 Invisibility             Hex            0%         N/A       100%        6


Dungeon Overview and Level Annotations

Branches:
Dungeon (5/15)
 Temple: D:4-7

Altars:
Elyvilon
Gozag
Kikubaaqudgha
Makhleb
Okawaru
Ru
Wu Jian
Xom

Shops:
D:1 (   D:4 (

Annotations:
D:3 2 exclusions, Sigmund
D:5 Prince Ribbit


Innate Abilities, Weirdness & Mutations

You have a pair of horns on your head.
You are somewhat inexperienced. (-2 XL)
You reflexively headbutt those who attack you in melee.


Message History

You sock Prince Ribbit!
Prince Ribbit is moderately wounded.
Prince Ribbit blinks!
You closely miss Prince Ribbit.
Prince Ribbit is moderately wounded.
Prince Ribbit blinks!
You miss Prince Ribbit.
Prince Ribbit is moderately wounded.
Prince Ribbit hits you!
You miss Prince Ribbit. Your headbutt misses Prince Ribbit.
Prince Ribbit is moderately wounded.
Prince Ribbit completely misses you. You furiously retaliate!
You headbutt Prince Ribbit! You completely miss Prince Ribbit.
You headbutt Prince Ribbit.
Prince Ribbit is severely wounded.
Prince Ribbit hits you.
You closely miss Prince Ribbit. You headbutt Prince Ribbit!
Prince Ribbit is almost dead.
Prince Ribbit is stunned by your conviction and fails to attack.
Prince Ribbit hits you.
You closely miss Prince Ribbit.
Prince Ribbit is almost dead.
Prince Ribbit barely misses you.
You completely miss Prince Ribbit.
Prince Ribbit is almost dead.
Prince Ribbit hits you!
You hit Prince Ribbit but do no damage. Your headbutt misses Prince Ribbit.
Prince Ribbit is almost dead.
Prince Ribbit casts a spell.
Prince Ribbit looks slightly unstable.
Prince Ribbit croaks regally.
Prince Ribbit completely misses you.
You barely miss Prince Ribbit.
Prince Ribbit is almost dead.
Prince Ribbit hits you!
* * * LOW HITPOINT WARNING * * *
You barely miss Prince Ribbit. Your headbutt misses Prince Ribbit.
Prince Ribbit is almost dead.
Prince Ribbit hits you!
You die...

...... ####### ......
#......
......#####...... ##
................. #..
................ #...
###.......#####
#....#######.......#####
#......................#
#....@......####.....#
#....F......# #.....#
#...........# #.....#
#.....[.....# #.....#
#...........# #.....#
#...........# #######
#...........# #####
#...........# .....
#.....).....# #####


You could see Prince Ribbit.

Vanquished Creatures
  Menkaure (D:4)
  A centaur (D:5)
  A water moccasin zombie (D:5)
  A jelly (D:5)
  A bullfrog zombie (D:5)
  A hound (D:4)
  A bullfrog skeleton (D:4)
  2 iguanas (D:4)
  An orc priest (D:5)
  6 gnolls (D:4)
  5 adders
  A white imp (D:5)
  An ufetubus (D:5)
  A worm (D:3)
  4 dart slugs
  6 orcs
  5 ball pythons
  2 bats
  5 endoplasms
  4 giant cockroaches
  5 goblins
  4 hobgoblins
  3 jackals (D:2)
  4 quokkas
  6 frilled lizards
  5 kobolds
  4 rats
  A rat zombie (D:3)
82 creatures vanquished.

Vanquished Creatures (others)
  6 withered plants (D:3)
6 creatures vanquished.

Grand Total: 88 creatures vanquished

Notes
Turn   | Place    | Note
-------+----------+-------------------------------------------
     0 | D:1      | dolemite99 the Minotaur Gladiator began the quest for the
                  | Orb.
     0 | D:1      | Reached XP level 1. HP: 18/18 MP: 0/0
   275 | D:1      | Reached XP level 2. HP: 24/25 MP: 1/1
   740 | D:1      | Found Voecw's Weapon Shop.
   967 | D:1      | Reached skill level 5 in Staves
  1282 | D:2      | Reached XP level 3. HP: 21/30 MP: 2/2
  2513 | D:3      | Found an ornate altar of the Wu Jian Council.
  2588 | D:3      | Reached XP level 4. HP: 37/37 MP: 3/3
  2599 | D:3      | Found a sacrificial altar of Ru.
  2609 | D:3      | Became a worshipper of Ru the Awakened
  2653 | D:3      | Found a faded altar of an unknown god.
  2918 | D:3      | Found an opulent altar of Gozag.
  2919 | D:3      | Found a burning altar of Makhleb.
  3271 | D:3      | Found an ancient bone altar of Kikubaaqudgha.
  3300 | D:3      | Noticed Sigmund
  3604 | D:4      | Found a white marble altar of Elyvilon.
  3825 | D:4      | Found Ganideq's Antique Weapon Boutique.
  3828 | D:4      | Bought a dire flail for 108 gold pieces
  3878 | D:4      | Reached XP level 5. HP: 37/42 MP: 4/4
  3912 | D:4      | Reached skill level 2 in Maces & Flails
  4105 | D:4      | Gained mutation: You are somewhat inexperienced. (-2 XL)
                  | [Ru sacrifice]
  4105 | D:4      | Reached XP level 4. HP: 37/37 MP: 3/3
  4105 | D:4      | Reached XP level 3. HP: 30/30 MP: 2/2
  4105 | D:4      | Reached * piety under Ru
  4201 | D:4      | Reached skill level 3 in Maces & Flails
  4323 | D:4      | Found a shimmering altar of Xom.
  4366 | D:4      | Reached skill level 4 in Maces & Flails
  4368 | D:4      | Noticed Menkaure
  4373 | D:4      | Killed Menkaure
  4374 | D:4      | Reached skill level 5 in Maces & Flails
  4374 | D:4      | Reached XP level 4. HP: 4/37 MP: 3/3
  4687 | D:5      | Entered Level 5 of the Dungeon
  5087 | D:5      | Reached skill level 6 in Maces & Flails
  5259 | D:5      | Reached XP level 5. HP: 36/42 MP: 4/4
  5335 | D:5      | Reached skill level 7 in Maces & Flails
  5751 | D:5      | Found an iron altar of Okawaru.
  5802 | D:5      | Noticed Prince Ribbit
  5826 | D:5      | Mangled by Prince Ribbit

Illustrated notes

Levels and vault maps discovered:
D:1:      evilmike_arrival_plus, layout_loops_corners, serial_shops,
          nicolae_lakefront_shop
D:2:      layout_loops_corners
D:3:      layout_basic, lemuel_zombie_altar_kikubaaqudgha,
          nicolae_ru_awakened_eye, mainiacjoe_overflow_brackets,
          mainiacjoe_overflow_divided_tiny, ebering_ecumenical_altar_petrified,
          uniq_sigmund, uniq_crazy_yiuf_cottage
D:4:      layout_loops_ring, lemuel_round_altar,
          mainiacjoe_overflow_surrounded_room, serial_shops,
          kennysheep_mini_moat, uniq_menkaure
D:5:      layout_basic, grunt_dithmenos_shadows, mainiacjoe_overflow_alcove_2,
          uniq_prince_ribbit1

Skill      XL: |  1  2  3  4  5 |
---------------+----------------+-----
Staves         | 4 5 6 |  6.8
Maces & Flails | 5 6 7 |  7.5
Fighting       | |  2.4
Throwing       | |  2.0
Dodging        | |  3.2

Action                   |  1- 3 |  4- 6 || total
-------------------------+-------+-------++-------
Melee: Quarterstaff      |    84 |    27 ||   111
       Headbutt          |    13 |    20 ||    33
       Dire flail        |    18 |    78 ||    96
       Dagger            |       |    11 ||    11
Invok: Sacrifice Experie |     1 |       ||     1
  Use: Potion            |       |     2 ||     2
 Stab: Invisible         |       |     1 ||     1
Armor: Leather armour    |    28 |    22 ||    50
Dodge: Dodged            |    65 |    69 ||   134

Table legend: (Time is in decaauts)
 A = Elapsed time spent in this place.
 B = Non-inter-level travel time spent in this place.
 C = Inter-level travel time spent in this place.
 D = Time resting spent in this place.
 E = Time spent auto-exploring this place.
 F = Levels seen in this place.
 G = Mean time per level.
                   A        B        C        D        E       F      G
               +--------+--------+--------+--------+--------+-----+--------+
         Total |   5825 |   5699 |    126 |   1432 |   3320 |   5 | 1165.0 |
       Dungeon |   5825 |   5699 |    126 |   1432 |   3320 |   5 | 1165.0 |
               +--------+--------+--------+--------+--------+-----+--------+

Top non-repeatable levels by time:
     D:3: 1369 daAuts
     D:1: 1221 daAuts
     D:5: 1133 daAuts
     D:4: 1102 daAuts
     D:2: 999 daAuts
